 Dungeon Crawl Stone Soup version 0.29-a0-551-gffc1d7fb78 (webtiles) character file.

Game seed: 8768592054349435902

2 Spectrina the Sneak (level 1, -1/21 HPs)
             Began as a Naga Monk on June 5, 2022.
             Slain by a quokka (5 damage)
             ... on level 2 of the Dungeon.
             The game lasted 00:00:49 (132 turns).

Spectrina the Sneak (Naga Monk)                      Turns: 132, Time: 00:00:49

Health: -1/21      AC:  1    Str: 13    XL:     1   Next: 40%
Magic:  1/1        EV: 10    Int: 10    God:
Gold:   10         SH:  0    Dex: 13    Spells: 0/0 levels left

rFire   . . .      SeeInvis +   a - +0 mace
rCold   . . .      Faith    .   (no shield)
rNeg    . . .      Spirit   .   b - +0 robe
rPois   +          Reflect  .   (no helmet)
rElec   .          Harm     .   (no cloak)
rCorr   .          Rampage  .   (no gloves)
Will    .....                   (no barding)
Stlth   ++........              (no amulet)
HPRegen 0.07/turn               (no ring)
MPRegen 0.07/turn               (no ring)

@: very slow
A: AC +0, large, see invisible, deformed body, poison resistance, slowness 2,
spit poison 1, naga tail 1
a: Spit Poison


You were on level 2 of the Dungeon.
You visited 1 branch of the dungeon, and saw 2 of its levels.

You collected 10 gold pieces.

Inventory:

Hand Weapons
 a - a +0 mace (weapon)
Armour
 b - a +0 robe (worn)
Scrolls
 d - a scroll of enchant weapon {unknown}
Potions
 c - a potion of ambrosia


   Skills:
 - Level 3.0 Fighting
 + Level 3.1 Maces & Flails
 - Level 2.4 Dodging
 + Level 3.2 Stealth


You couldn't memorise any spells.
You didn't know any spells.
Your spell library was empty.

Dungeon Overview and Level Annotations

Branches:
Dungeon (2/15)

Altars:


Innate Abilities, Weirdness & Mutations

Your serpentine skin is tough. (AC +0)
You have supernaturally acute eyesight. (SInv)
Armour fits poorly on your strangely shaped body.
Your system is resistant to poisons. (rPois)
You cover ground very slowly.
You can spit poison.
You have a snake-like lower body.


Message History

You open the door.
There is an open door here.
Unknown command.
A quokka comes into view.
The quokka bites you.
You hit the quokka.
You kill the quokka!
Found 10 gold pieces.
A bat comes into view.
You see here 10 gold pieces.
Unknown command.
You now have 10 gold pieces.
The helpless bat fails to defend itself.
You sock the bat!
You kill the bat!
You see here a bat corpse.
Found a stone staircase leading down.
There is a stone staircase leading down here.
You climb downwards.
There is a stone staircase leading up here.
Found a club.
Okay, then.
Found a scroll labelled DAMPIFORUL.
Unknown command.
d - a scroll labelled DAMPIFORUL A quokka comes into view.
The quokka bites you.
You closely miss the quokka. The quokka bites you.
The quokka barely misses you.
You barely miss the quokka. The quokka closely misses you.
You closely miss the quokka. The quokka barely misses you.
The quokka bites you.
You miss the quokka. The quokka bites you.
You miss the quokka. The quokka bites you. x2
You barely miss the quokka. The quokka bites you.
* * * LOW HITPOINT WARNING * * *
You hit the quokka.
The quokka is almost dead.
The quokka bites you.
You die...

#.........#
#......#.#####
#..#...#.# #
#####.# #.#
#.# #.#
#.####### #.#
#....r@.###.#
#.#####.....#
#####.# ###


You could see a quokka.

Vanquished Creatures
  A bat (D:1)
  A quokka (D:1)
2 creatures vanquished.

Notes
Turn   | Place    | Note
-------+----------+-------------------------------------------
     0 | D:1      | Spectrina the Naga Monk began the quest for the Orb.
     0 | D:1      | Reached XP level 1. HP: 21/21 MP: 1/1
   132 | D:2      | Slain by a quokka

Illustrated notes

Levels and vault maps discovered:
D:1:      mrwooster_arrival_statue_3, layout_rooms,
          hellmonk_ecumenical_altar_blasted, serial_shops,
          nicolae_shop_window_shopping
D:2:      layout_basic, kennysheep_doodads, palyth_stone_intersect

Action                   || total
-------------------------++-------
Melee: Mace              ||     9
 Stab: Sleeping          ||     1
Dodge: Dodged            ||     3

Table legend: (Time is in decaauts)
 A = Elapsed time spent in this place.
 B = Non-inter-level travel time spent in this place.
 C = Inter-level travel time spent in this place.
 D = Time resting spent in this place.
 E = Time spent auto-exploring this place.
 F = Levels seen in this place.
 G = Mean time per level.
                   A        B        C        D        E       F      G
               +--------+--------+--------+--------+--------+-----+--------+
         Total |    181 |    181 |      0 |      0 |      0 |   2 |   90.5 |
       Dungeon |    181 |    181 |      0 |      0 |      0 |   2 |   90.5 |
               +--------+--------+--------+--------+--------+-----+--------+

Top non-repeatable levels by time:
     D:2: 108 daAuts
     D:1: 72 daAuts
